 Dungeon Crawl Stone Soup version 0.25-a0-489-g9ae84a01e3 (webtiles) character file.

Game seed: 11528519736636747996, levelgen mode: deterministic

41 Aggronaut the Sneak (level 3, -2/16 HPs)
             Began as a Spriggan Enchanter on Feb 10, 2020.
             Killed by divine providence
             ... invoked by an orc priest
              (9 damage)
             ... on level 2 of the Dungeon on Feb 11, 2020.
             The game lasted 00:04:47 (1282 turns).

Aggronaut the Sneak (Spriggan Enchanter)            Turns: 1282, Time: 00:04:48

Health: -2/16      AC:  3    Str:  5    XL:     3   Next: 32%
Magic:  8/8        EV: 18    Int: 16    God:
Gold:   43         SH:  0    Dex: 16    Spells: 6/7 levels left

rFire    . . .     SeeInvis +   l - +0 dagger (venom)
rCold    . . .     Gourm    .   (shield restricted)
rNeg     . . .     Faith    .   b - +1 robe
rPois    .         Spirit   .   (helmet restricted)
rElec    .         Reflect  .   (no cloak)
rCorr    .         Harm     .   (gloves unavailable)
MR       +....                  (boots unavailable)
Stlth    +++.......             (no amulet)
HPRegen  0.05/turn              f - ring of protection from magic
MPRegen  0.11/turn              (no ring)

@: very quick
A: very small, unfitting armour, see invisible, herbivore, speed 3, slow
metabolism 2
a: no special abilities


You were on level 2 of the Dungeon.
You were not hungry.

You visited 1 branch of the dungeon, and saw 2 of its levels.

You collected 43 gold pieces.

Inventory:

Hand Weapons
 l - a +0 dagger of venom (weapon)
Armour
 b - a +1 robe (worn)
Jewellery
 f - a ring of protection from magic (left hand)
 g - a +2 ring of protection {unknown}
 p - an uncursed ring of protection from magic
Scrolls
 a - a scroll of teleportation {unknown}
 e - a scroll of noise {unknown}
 j - 3 scrolls of remove curse {unknown}
Potions
 c - 4 potions of heal wounds {unknown}
 h - a potion of lignification {unknown}
 i - a potion of haste {unknown}
 k - a potion of invisibility {unknown}
 m - a potion of ambrosia {unknown}
 n - a potion of curing {unknown}
 o - a potion of berserk rage {unknown}
Comestibles
 d - 2 rations


   Skills:
 - Level 1.1 Short Blades
 - Level 3.0 Dodging
 + Level 5.4 Stealth
 - Level 2.7 Spellcasting
 * Level 4.7 Hexes


You had 6 spell levels left.
You knew the following spells:

 Your Spells              Type           Power        Failure   Level  Hunger
a - Corona                Hex            ###....      2%          1    #......

Your spell library contained the following spells:

 Spells                   Type           Power        Failure   Level  Hunger
 Confusing Touch          Hex            ###.....     9%          3    ###....
 Tukima's Dance           Hex            ###.....     9%          3    ###....
 Ensorcelled Hibernation  Hex/Ice        #.....       11%         2    ##.....
 Dazzling Flash           Conj/Hex       #.....       22%         3    ###....


Dungeon Overview and Level Annotations

Branches:
Dungeon (2/15)

Altars:
Ru


Innate Abilities, Weirdness & Mutations

You are very small and have problems with some larger weapons.
You are too small for most types of armour.
You have supernaturally acute eyesight. (SInv)
You are a herbivore.
You cover ground extremely quickly.
You need to consume almost no food.


Message History

The orc priest looks as sick as possible!
The orc priest is moderately wounded.
The giant cockroach closely misses you. The orc priest completely misses you.
You barely miss the orc priest.
The orc priest is severely wounded.
The giant cockroach misses you.
You hit the giant cockroach but do no damage.
The giant cockroach is poisoned.
The orc priest misses you. The giant cockroach closely misses you.
You hit the giant cockroach but do no damage.
The giant cockroach looks as sick as possible!
The giant cockroach is heavily wounded.
You kill the giant cockroach!
The orc priest hits you with a +0 mace.
You hit the orc priest but do no damage.
The orc priest is almost dead.
The orc priest mumbles some strange prayers to Beogh against you.
Beogh smites you!
Ouch! That really hurt!
You die...

#.....# ###)####..........## ##.
#####.# #.....†..#######.#.###.#
#.# #.#.####.# #.##.#.##
#####.## #.#.# #.# ##'###<##<
.......###.#.## #.# ##...#####.
######..##.#...##.# ##.....## #.
##.##.###..#.# ##.......###(
#.##.###.o..###.........##.
#....o..o.@...'.........'..
....o#..#####..†####.........##.
..o.o#.## ##..# ##.......####
o...##.# ##.# ##.....## o..# #.#
#.# ##...## ### ..# #.# ##+##
.## #.# ## #.#


You could see an orc priest and 2 orcs.

Vanquished Creatures
  2 adders (D:2)
  An ooze (D:1)
  An orc (D:2)
  3 bats
  A giant cockroach (D:2)
  3 goblins
  2 hobgoblins (D:1)
  A frilled lizard (D:1)
  3 kobolds
  2 rats (D:1)
19 creatures vanquished.

Notes
Turn   | Place    | Note
-------+----------+-------------------------------------------
     0 | D:1      | Aggronaut the Spriggan Enchanter began the quest for the
                  | Orb.
     0 | D:1      | Reached XP level 1. HP: 9/9 MP: 5/5
   137 | D:1      | Upgraded the game from 0.25-a0-482-g9b3b753f3f to
                  | 0.25-a0-489-g9ae84a01e3
   570 | D:1      | Reached XP level 2. HP: 13/13 MP: 6/6
   579 | D:1      | Reached skill level 5 in Stealth
   846 | D:2      | Found a sacrificial altar of Ru.
  1242 | D:2      | Reached XP level 3. HP: 15/16 MP: 8/8
  1282 | D:2      | Killed from afar by an orc priest

Levels and vault maps discovered:
D:1:      elethiomel_arrival_shortcut, layout_loops_ring
D:2:      cheibrodos_pilgrimage, layout_loops_corners, zin_treasury,
          overflow_temple_1_default, lemuel_doored_altar

Skill      XL: |  1  2 |
---------------+-------+-----
Stealth        | 5 |  5.4
Hexes          | 4 |  4.7
Short Blades   | |  1.1
Dodging        | |  3.0
Spellcasting   | |  2.7

Action                   || total
-------------------------++-------
Melee: Dagger            ||    74
  Use: Scroll            ||     2
 Stab: Sleeping          ||     6
Armor: Robe              ||     6
Dodge: Dodged            ||    61

Table legend:
 A = Non-vault XP
 B = Vault XP
 C = Vault XP percentage of total XP
 D = Non-vault monster count
 E = Vault monster count
 F = Vault count percentage of total count
                 A         B        C        D         E       F
            +---------+---------+-------+---------+---------+-------
      Total |      56 |       3 |   5.1 |      18 |       1 |   5.3
            +---------+---------+-------+---------+---------+-------
        D:1 |      20 |       0 |   0.0 |      10 |       0 |   0.0
        D:2 |      36 |       3 |   7.7 |       8 |       1 |  11.1
            +---------+---------+-------+---------+---------+-------
